 Dungeon Crawl Stone Soup version 0.30.1-11-g7821555f0a (webtiles) character file.

Game seed: 10091382348670246914

8 Peloso the Shield-Bearer (level 2, 27/27 HPs)
             Began as a Minotaur Fighter on Nov 8, 2023.
             Got out of the dungeon alive.
             The game lasted 00:00:52 (260 turns).

Peloso the Shield-Bearer (Minotaur Fighter)          Turns: 260, Time: 00:00:52

Health: 27/27      AC:  3    Str: 19    XL:     2   Next: 0%
Magic:  1/1        EV:  9    Int:  4    God:
Gold:   31         SH:  5    Dex: 13    Spells: 1/1 levels left

rFire   . . .        a - +0 long sword
rCold   . . .        c - +0 buckler
rNeg    . . .        b - +0 scale mail
rPois   .            (helmet restricted)
rElec   .            (no cloak)
rCorr   .            (no gloves)
SInv    .            (no boots)
Will    .....        (no amulet) Stlth
                     (no ring)
HPRegen 0.24/turn    (no ring)
MPRegen 0.07/turn

%: no passive effects
@: no status effects
A: horns 2, retaliatory headbutt, talons 1, agile 1, deformed body
a: no special abilities


You escaped.
You visited 1 branch of the dungeon, and saw 1 of its levels.

You collected 31 gold pieces.

Inventory:

Hand Weapons
 a - a +0 long sword (weapon)
Armour
 b - a +0 scale mail (worn)
 c - a +0 buckler (worn)
Potions
 d - a potion of might
 g - a potion of ambrosia {unknown}


   Skills:
 + Level 3.8 Fighting
 + Level 2.6 Long Blades
 + Level 3.6 Armour
 + Level 4.0 Shields


You had one spell level left.
You didn't know any spells.
Your spell library was empty.

Dungeon Overview and Level Annotations

Branches:
Dungeon (1/15)

Altars:


Innate Abilities, Weirdness & Mutations

You have a pair of horns on your head.
You reflexively headbutt those who attack you in melee.
You have sharp toenails.
You are agile. (Dex +4, Str/Int -1)
Armour fits poorly on your strangely shaped body.


Message History

There is an open door here.
You open the door.
A giant cockroach comes into view.
A giant cockroach is nearby!
A giant cockroach is nearby!
A giant cockroach is nearby!
Found 5 stones.
There is an open door here.
You hit the giant cockroach.
You headbutt the giant cockroach, but do no damage.
The giant cockroach is heavily wounded.
The giant cockroach barely misses you.
You hit the giant cockroach but do no damage.
The giant cockroach is heavily wounded.
The giant cockroach bites you. x2
You hit the giant cockroach.
You kill the giant cockroach!
You have reached level 2!
It was a potion of invisibility.
You fade into invisibility!
It was a potion of mutation.
You feel extremely strange.
Your body twists and deforms.
You feel agile.
Your toenails lengthen and sharpen.
(D) Dungeon
Where to? (? - help)
What level of the Dungeon? (default 1, ? - help)
There is an open door here.
There is an open door here.
You flicker for a moment.
You flicker back into view.
Things that are here:
a +0 whip; 3 stones; a kobold corpse
Things that are here:
a +0 club; a kobold corpse
There is an open door here.
There is a staircase leading out of the dungeon here.
Are you sure you want to leave the Dungeon?
This will make you lose the game!
Alright, then stay!
Are you sure you want to leave the Dungeon?
This will make you lose the game!
You have escaped!

#......... #♣##.♣#
+......... ♣##~~.#.#♣♣##
##.......# ♣...........#
#........# #...........#
#........# #..##'####..♣
#........#♣♣..#.....#..##
#.......♣#...#.....#...♣#
#.......~.♣..#...P.#..♣.#
#######..#...#.@...+...♣#
#.#♣#..#.....#..## #.#
#..#######..~♣
##.#♣♣...........♣♣
##..#♣............♣ .
#..#######♣.#.♣♣##♣ #.
#.#....♣ #♣..♣ #..
#.#.##.# ♣#♣# #.##.#)##.#


There were no monsters in sight!

Vanquished Creatures
  A bat (D:1)
  2 giant cockroaches (D:1)
  2 goblins (D:1)
  2 kobolds (D:1)
  A rat (D:1)
8 creatures vanquished.

Notes
Turn   | Place    | Note
-------+----------+-------------------------------------------
     0 | D:1      | Peloso the Minotaur Fighter began the quest for the Orb.
     0 | D:1      | Reached XP level 1. HP: 19/19 MP: 0/0
   106 | D:1      | Found a faded altar of an unknown god.
   138 | D:1      | Reached skill level 4 in Shields
   203 | D:1      | Reached XP level 2. HP: 23/27 MP: 1/1
   204 | D:1      | Gained mutation: Armour fits poorly on your strangely
                  | shaped body. [potion of mutation]
   204 | D:1      | Gained mutation: You are agile. (Dex +4, Str/Int -1)
                  | [potion of mutation]
   204 | D:1      | Gained mutation: You have sharp toenails. [potion of
                  | mutation]
   260 | D:$      | Got out of the dungeon alive.

Illustrated notes

Levels and vault maps discovered:
D:1:      saegor_arrival_under_anarchy, layout_basic,
          shapermc_ecumenical_altar_mp_urbaneastern, minmay_shallow_snake_nest

Skill      XL: |  1 |
---------------+----+-----
Shields        | 4 |  4.0
Fighting       | |  3.8
Long Blades    | |  2.6
Armour         | |  3.6

Action                     || total
---------------------------++-------
  Melee: Long sword        ||    21
         Headbutt          ||     6
    Use: Potion            ||     2
 Armour: Scale mail        ||    13
  Dodge: Dodged            ||     8
  Block: Buckler           ||     3
